 Dungeon Crawl Stone Soup version 0.24.0-1-gfbc8707 (webtiles) character file.

Game seed: 15024619994374339699, levelgen mode: deterministic

39 CustosCustodum the Sneak (level 3, -2/16 HPs)
             Began as a Spriggan Enchanter on Dec 29, 2019.
             Was an Initiate of Vehumet.
             Slain by an orc
             ... wielding a +0 short sword
              (3 damage)
             ... on level 3 of the Dungeon.
             The game lasted 00:11:51 (1551 turns).

CustosCustodum the Sneak (Spriggan Enchanter)       Turns: 1551, Time: 00:11:51

Health: -2/16      AC:  2    Str:  4    XL:     3   Next: 28%
Magic:  8/8        EV: 18    Int: 16    God:    Vehumet [......]
Gold:   40         SH:  0    Dex: 17    Spells: 7/8 levels left

rFire    . . .     SeeInvis +   c - +0 short sword
rCold    + . .     Gourm    .   (shield restricted)
rNeg     . . .     Faith    .   b - +0 robe
rPois    .         Spirit   .   (helmet restricted)
rElec    .         Reflect  .   (no cloak)
rCorr    .         Harm     .   (gloves unavailable)
MR       .....                  (boots unavailable)
Stlth    +++.......             e - amulet of the acrobat
HPRegen  0.05/turn              f - ring of protection from cold
MPRegen  0.11/turn              (no ring)

@: very quick
A: very small, unfitting armour, see invisible, herbivore, speed 3, slow
metabolism 2
a: Renounce Religion


You were on level 3 of the Dungeon.
You worshipped Vehumet.
Vehumet was noncommittal.
You were not hungry.

You visited 1 branch of the dungeon, and saw 4 of its levels.

You collected 40 gold pieces.

Inventory:

Hand Weapons
 a - a +1 dagger
 c - a +0 short sword (weapon)
Armour
 b - a +0 robe (worn)
Jewellery
 e - an amulet of the acrobat (around neck)
 f - a ring of protection from cold (left hand)
 n - a +3 amulet of reflection
Scrolls
 g - 3 scrolls of remove curse
 i - a scroll of fog {unknown}
 l - a scroll of identify
Potions
 h - a potion of berserk rage {unknown}
 j - a potion of brilliance
 k - a potion of magic {unknown}
 p - a potion of curing {unknown}
Comestibles
 d - 3 rations


   Skills:
 + Level 1.5 Short Blades
 + Level 3.3 Dodging
 + Level 5.5 Stealth
 + Level 3.0 Spellcasting
 + Level 4.0 Hexes


You had 7 spell levels left.
You knew the following spells:

 Your Spells              Type           Power        Failure   Level  Hunger
a - Corona                Hex            ###....      3%          1    #......

Your spell library contained the following spells:

 Spells                   Type           Power        Failure   Level  Hunger
 Confuse                  Hex            ###.....     11%         3    ###....
 Tukima's Dance           Hex            ###.....     11%         3    ###....
 Ensorcelled Hibernation  Hex/Ice        #.....       12%         2    ##.....
 Dazzling Spray           Conj/Hex       #.....       24%         3    ###....


Dungeon Overview and Level Annotations

Branches:
Dungeon (4/15)
 Temple: D:4-7

Altars:
Vehumet

Annotations:
D:2 Robin
D:3 Terence


Innate Abilities, Weirdness & Mutations

You are very small and have problems with some larger weapons.
You are too small for most types of armour.
You have supernaturally acute eyesight. (SInv)
You are a herbivore.
You cover ground extremely quickly.
You need to consume almost no food.


Message History

A worm comes into view.
Found a scroll of identify and a pair of boots.
Found an escape hatch in the ceiling.
There is a stone staircase leading down here.
Found a club.
l - a scroll of identify The worm is too close now for your liking.
You barely miss the worm. The worm bites you.
You hit the worm but do no damage. You hit the worm but do no damage.
The worm bites you but does no damage.
You barely miss the worm. The worm bites you!
Ouch! That really hurt!
* * * LOW HITPOINT WARNING * * *
An orc comes into view. It is wielding a +0 short sword.
The orc shouts!
Found a scroll labeled CESI USHRIUVO.
Found a stone staircase leading up.
There is an escape hatch in the ceiling here.
The orc hits you with a +0 short sword.
You die...

*,,*,,,,,*,* *,***,*,,* ***
***,**,,,,,*,* *.#<.,*,** **
**,,,**,,,,,*,* #.#.###.* *,
**,*********,,*## #.?....,* *,
,,..,,,,,,,,,,,.###..#.#*** *,
*).********,*##.[*#....# ***,
#.#* *,*#..**#...#* *,,, ..*****
#,*#.####...# **,** .,,,,,**
#.##>.@....#* *,,*
,,,**,,####....o###.##***##**,***
**,,**...........##.###....,,,,,,
**,**##......##...........,,,,,,
*,* #.#...#####..##.....,,,,,,
*,* #...###.....w..#....,,,,,,
*,***#...* #........#,...,,,,,,
*,,,)...,* #........#,,..,,,,,,
**,,##..** #........#,,,.,,,,,,


You could see an orc.

Vanquished Creatures
  An adder (D:2)
  A leopard gecko (D:2)
  A bat (D:2)
  A giant cockroach (D:1)
  11 goblins
  2 hobgoblins
  A quokka (D:4)
  A frilled lizard (D:2)
  4 kobolds
  4 rats
27 creatures vanquished.

Notes
Turn   | Place    | Note
-------+----------+-------------------------------------------
     0 | D:1      | CustosCustodum the Spriggan Enchanter began the quest for
                  | the Orb.
     0 | D:1      | Reached XP level 1. HP: 9/9 MP: 5/5
   318 | D:2      | Reached skill level 5 in Stealth
   318 | D:2      | Reached XP level 2. HP: 13/13 MP: 6/6
   616 | D:2      | Noticed Robin
   792 | D:1      | Reached XP level 3. HP: 12/16 MP: 8/8
  1142 | D:2      | Found a radiant altar of Vehumet.
  1151 | D:2      | Became a worshipper of Vehumet
  1289 | D:3      | Noticed Terence
  1551 | D:3      | Slain by an orc

Levels and vault maps discovered:
D:1:      shiori_arrival_elements, layout_basic
D:2:      layout_loops_ring, lemuel_coloured_pillars_altar, uniq_robin,
          uniq_crazy_yiuf_cottage
D:3:      layout_rooms, uniq_sigmund, uniq_terence
D:4:      layout_layer_cave, uniq_pikel

Skill      XL: |  1  2 |
---------------+-------+-----
Stealth        | 5 |  5.5
Hexes          | 4 |  4.0
Spellcasting   | 3 |  3.0
Short Blades   | |  1.5
Dodging        | |  3.3

Action                   || total
-------------------------++-------
Melee: Dagger            ||    32
       Short sword       ||    72
       Unarmed           ||     8
 Cast: Corona            ||     1
  Use: Potion            ||     3
       Scroll            ||     4
 Stab: Sleeping          ||     7
Armor: Robe              ||    10
       Skin              ||     2
Dodge: Dodged            ||    87
